AoeStats
← Leonhard7186

African Clearing

510628290Analyzed
2v2 RM · 2d ago on Oct 1, 2026· 32m 54s· 4 players
Game mode
Random Map
Map size
Medium (4 player)
Population
200
Speed
Normal
Resources
Standard
Victory
Conquest
Starting age
Dark Age
Ending age
Imperial Age
RankedLock teamsTeams togetherTeam positionsShared explorationLock speedFull tech treeHidden civsTurbo modeCheats
Victory
Defeat
🇦🇷 Spanish · Argentina
930
+15
🇦🇷 Ethiopians · Argentina
928
+16
🇧🇷 Burgundians · Brazil
953
-17
🇹🇷 Turks · Türkiye
883
-14
Deakoon
15:58 Feudal Age
14:18 Loom
17:46 Double-Bit Axe
22:40 Castle Age
27:59 Bow Saw
29:33 Scale Barding Armor
29:38 Forging
33:07 Gold Mining
Leonhard7186
11:44 Loom
14:35 Feudal Age
15:10 Horse Collar
15:17 Double-Bit Axe
23:58 Castle Age
23:38 Padded Archer Armor
23:35 Gold Mining
26:22 Leather Archer Armor
aroldera
8:48 Loom
14:42 Feudal Age
19:01 Castle Age
18:14 Double-Bit Axe
21:00 Horse Collar
22:22 Forging
22:20 Scale Barding Armor
22:32 Cavalier
27:02 Heavy Plow
30:06 Wheelbarrow
33:25 Crop Rotation
32:17 Light Cavalry
jokii7070
16:07 Feudal Age
24:27 Castle Age
Connection lost

Rejoining the realm…

Still unreachable

The connection could not be restored.

Session expired

The server has moved on; the page needs a fresh start.